AoeStats
← kV0t3

Arabia

508103985Analyzed
1v1 RM · 11d ago on Sep 20, 2026· 26m 4s· 2 players
Game mode
Random Map
Map size
Tiny (2 player)
Population
200
Speed
Normal
Resources
Standard
Victory
Conquest
Starting age
Dark Age
Ending age
Imperial Age
RankedLock teamsTeams togetherTeam positionsShared explorationLock speedFull tech treeHidden civsTurbo modeCheats
Victory
Defeat
🇭🇷 Maya · Croatia
1234
+16
🇦🇷 Maya · Argentina
1233
-16
kV0t3
0:26 Loom
10:46 Feudal Age
16:12 Castle Age
14:41 Double-Bit Axe
14:43 Horse Collar
16:04 Town Watch
17:15 Bow Saw
21:25 Wheelbarrow
24:55 Fletching
25:48 Bodkin Arrow
Filip_jede_Meso
0:28 Loom
9:33 Feudal Age
13:34 Double-Bit Axe
18:44 Castle Age
16:58 Gold Mining
17:47 Scale Mail Armor
18:01 Forging
18:50 Eagle Warrior
19:50 Squires
23:10 Chain Mail Armor
Connection lost

Rejoining the realm…

Still unreachable

The connection could not be restored.

Session expired

The server has moved on; the page needs a fresh start.